 Dungeon Crawl Stone Soup version 0.29.1-15-g9cfb28693d (webtiles) character file.

Game seed: 13518660793125980178

13288 PhantomBowie the Fighter (level 11, -3/102 HPs)
             Began as a Minotaur Fighter on Mar 13, 2023.
             Slain by a cane toad (15 damage)
             ... on level 1 of the Lair of Beasts on Mar 15, 2023.
             The game lasted 00:55:06 (13129 turns).

PhantomBowie the Fighter (Minotaur Fighter)        Turns: 13129, Time: 00:55:06

Health: -3/102     AC: 19    Str: 29    XL:     11   Next: 73%
Magic:  10/10      EV:  8    Int:  5    God:
Gold:   734        SH:  6    Dex: 10    Spells: 10/10 levels left

rFire   . . .      SeeInvis .   z - +7 hammer of Woe {vorpal, Str+4 Stlth+}
rCold   . . .      Faith    .   c - +0 buckler
rNeg    + . .      Spirit   .   a - +2 chain mail {Will+}
rPois   +          Reflect  .   (helmet restricted)
rElec   .          Harm     .   y - +1 cloak
rCorr   .          Rampage  .   j - +1 pair of gloves
Will    +....                   (no boots)
Stlth   ..........              (no amulet)
HPRegen 0.27/turn               T - ring of positive energy
MPRegen 0.12/turn               L - ring of poison resistance

@: no status effects
A: horns 2, retaliatory headbutt
a: no special abilities


You were on level 1 of the Lair of Beasts.
You visited 2 branches of the dungeon, and saw 11 of its levels.

You collected 734 gold pieces.

Inventory:

Hand Weapons
 z - the +7 hammer of Woe (weapon) {vorpal, Str+4 Stlth+}
   (You found it on level 4 of the Dungeon)

   It inflicts extra damage upon your enemies.
   Str:       It affects your strength (+4).
   Stlth:     It makes you more stealthy.
 Q - a +0 dagger
Missiles
 e - 7 boomerangs
 i - 6 javelins
 m - 5 curare-tipped darts
 J - 41 poisoned darts (quivered)
 K - 3 throwing nets
 M - 4 atropa-tipped darts
Armour
 a - a +2 chain mail of willpower (worn)
 c - a +0 buckler (worn)
 j - a +1 pair of gloves (worn)
 y - a +1 cloak (worn)
 P - a +0 plate armour
Jewellery
 v - a ring of see invisible
 L - a ring of poison resistance (right hand)
 S - a ring of ice
 T - a ring of positive energy (left hand)
Wands
 C - a wand of polymorph (5)
 E - a wand of quicksilver (10)
 G - a wand of flame (48)
 N - a wand of charming (11)
 U - a wand of roots (5)
Scrolls
 b - 4 scrolls of vulnerability
 f - 2 scrolls of acquirement
 g - a scroll of poison
 n - 4 scrolls of teleportation
 o - a scroll of magic mapping {unknown}
 r - a scroll of torment {unknown}
 s - 4 scrolls of immolation
 w - 4 scrolls of noise
 A - 3 scrolls of butterflies
 B - 3 scrolls of enchant armour
 D - 3 scrolls of amnesia
 H - a scroll of fear {unknown}
 O - a scroll of enchant weapon {unknown}
 W - a scroll of brand weapon {unknown}
Potions
 d - 2 potions of magic
 h - 2 potions of brilliance
 k - 2 potions of degeneration
 l - 4 potions of curing
 p - 2 potions of attraction {unknown}
 q - 5 potions of heal wounds
 t - a potion of berserk rage {unknown}
 u - 2 potions of flight
 x - 3 potions of mutation
 F - 2 potions of lignification {unknown}
 I - 2 potions of haste
 R - a potion of experience {unknown}
 V - a potion of invisibility {unknown}


   Skills:
 + Level 11.3 Fighting
 + Level 11.0 Maces & Flails
 + Level 2.4 Throwing
 + Level 11.3 Armour
 + Level 11.3 Shields
 - Level 5.2 Evocations


You had 10 spell levels left.
You didn't know any spells.
Your spell library contained the following spells:

 Spells                   Type           Power      Damage    Failure   Level
 Magic Dart               Conj           0%         1d3       94%         1
 Necrotise                Necr           0%         1d4       94%         1
 Searing Ray              Conj           0%         2d4       98%         2
 Confusing Touch          Hex            0%         N/A       100%        3
 Conjure Flame            Conj/Fire      0%         6-21      100%        3
 Gell's Gravitas          Tloc           0%         N/A       100%        3
 Ignite Poison            Fire/Tmut/Pois 0%         N/A       100%        3
 Teleport Other           Tloc           0%         N/A       100%        3
 Vampiric Draining        Necr           0%         2d6       100%        3
 Fulminant Prism          Conj/Hex       0%         3d6       100%        4
 Sticky Flame             Conj/Fire      0%         2d3       100%        4
 Agony                    Necr           0%         N/A       100%        5
 Yara's Violent Unravell  Hex/Tmut       0%         3d3       100%        5
 Dispersal                Tloc           0%         N/A       100%        6
 Enfeeble                 Hex            0%         N/A       100%        7
 Chain Lightning          Conj/Air       0%         N/A       100%        9
 Fire Storm               Conj/Fire      0%         5d1       100%        9
 Shatter                  Erth           0%         3d5*      100%        9


Dungeon Overview and Level Annotations

Branches:
Dungeon (10/15)              Lair (1/5) D:9             Orc (0/2) D:9
 Temple: D:4-7

Altars:
Ashenzari
Ru
The Shining One

Shops:
D:6 :


Innate Abilities, Weirdness & Mutations

You have a pair of horns on your head.
You reflexively headbutt those who attack you in melee.


Message History

The cane toad completely misses you.
The eight-headed hydra bites you but does no damage.
The eight-headed hydra bites you. x3
You block the eight-headed hydra's attack.
The eight-headed hydra bites you.
The eight-headed hydra bites you but does no damage. x2
You completely miss the cane toad.
The cane toad is severely wounded.
You feel yourself speed up. The cane toad stings you!
The eight-headed hydra barely misses you.
The eight-headed hydra bites you! x2
The eight-headed hydra bites you but does no damage.
You block the eight-headed hydra's attack.
The eight-headed hydra bites you but does no damage. x3
The cane toad attacks as you move away!
The cane toad stings you but does no damage.
The eight-headed hydra attacks as you move away!
The eight-headed hydra bites you.
The eight-headed hydra barely misses you.
The eight-headed hydra bites you but does no damage. x2
The eight-headed hydra barely misses you.
The eight-headed hydra bites you but does no damage.
The eight-headed hydra closely misses you.
The eight-headed hydra barely misses you.
The eight-headed hydra attacks as you move away!
The eight-headed hydra bites you but does no damage.
You block the eight-headed hydra's attack.
The eight-headed hydra bites you!
* * * LOW HITPOINT WARNING * * *
The eight-headed hydra bites you but does no damage.
The eight-headed hydra bites you!
* * * LOW HITPOINT WARNING * * *
The eight-headed hydra bites you but does no damage.
The eight-headed hydra bites you.
* * * LOW HITPOINT WARNING * * *
The eight-headed hydra bites you.
* * * LOW HITPOINT WARNING * * *
The cane toad stings you!
You die...

........##.............#
.......##P......†......#
.......###.........)...#
.......'.#...........[.##
.......#................#
.......##P.............##
###+######..............#
###P###..#.#####
####F@.### ###.D.## .
#...### #.+##.# .. ...
... ..... #.# Y...... #
....... .......


You could see an eight-headed hydra and a cane toad.

Vanquished Creatures
  2 two-headed ogres
  3 death yaks
  Maurice (D:8)
  2 cane toads (Lair:1)
  Prince Ribbit (D:9)
  A hornet (Lair:1)
  A troll (D:9)
  A wraith (D:9)
  A wyvern (D:9)
  5 yaks (D:9)
  The ghost of hero57213 the Covered, an amateur MiFi (D:6)
  A steam dragon (D:9)
  An acid dragon (D:10)
  17 water moccasins
  Duvessa (D:5)
  A black bear (D:6)
  2 ice beasts
  A swamp drake (D:10)
  4 orc warriors
  2 centaurs
  6 ogres
  5 wolves (Lair:1)
  A phantom (D:6)
  10 kobold brigands
  2 bullfrogs
  A necrophage (D:6)
  4 gnoll sergeants
  3 scorpions
  8 wights
  Dowan (D:5)
  16 killer bees
  An electric eel (D:10)
  6 howler monkeys
  Crazy Yiuf (D:4)
  2 jellies
  4 orc priests
  A gnoll bouda (D:9)
  Ijyb (D:4)
  2 iguanas
  12 orc wizards
  A hell rat (D:9)
  10 gnolls
  23 adders
  2 white imps
  3 ufetubi
  3 worms
  2 dart slugs (D:3)
  36 orcs
  6 ball pythons
  5 endoplasms
  A giant cockroach (D:2)
  9 goblins
  9 hobgoblins
  4 jackals (D:3)
  4 quokkas
  6 bats
  4 frilled lizards
  22 kobolds
  11 rats
297 creatures vanquished.

Vanquished Creatures (others)
  5 fungi (Lair:1)
  13 plants
18 creatures vanquished.

Grand Total: 315 creatures vanquished

Notes
Turn   | Place    | Note
-------+----------+-------------------------------------------
     0 | D:1      | PhantomBowie the Minotaur Fighter began the quest for the
                  | Orb.
     0 | D:1      | Reached XP level 1. HP: 19/19 MP: 0/0
     3 | D:1      | Found a faded altar of an unknown god.
   285 | D:1      | Reached XP level 2. HP: 17/27 MP: 1/1
   689 | D:1      | Reached XP level 3. HP: 32/33 MP: 2/2
  1380 | D:2      | Reached XP level 4. HP: 40/40 MP: 3/3
  2178 | D:3      | Reached XP level 5. HP: 40/47 MP: 4/4
  2510 | D:4      | Identified a scroll of acquirement
  2530 | D:4      | Noticed an ogre
  2580 | D:4      | Found a glowing golden altar of the Shining One.
  2851 | D:4      | Killed an ogre
  2852 | D:4      | Reached skill level 5 in Fighting
  2852 | D:4      | Reached skill level 5 in Armour
  2852 | D:4      | Reached skill level 5 in Shields
  2852 | D:4      | Reached XP level 6. HP: 56/56 MP: 5/5
  3089 | D:4      | Found a runed translucent door.
  3090 | D:4      | Noticed Crazy Yiuf
  3098 | D:4      | Killed Crazy Yiuf
  3107 | D:4      | Identified the +7 hammer of Woe {vorpal, Str+4 Stlth+}
  3413 | D:4      | Noticed Ijyb
  3423 | D:4      | Killed Ijyb
  3614 | D:5      | Entered Level 5 of the Dungeon
  3660 | D:5      | Noticed an ice beast
  3756 | D:5      | Reached skill level 5 in Maces & Flails
  3763 | D:5      | Reached XP level 7. HP: 62/62 MP: 6/6
  3774 | D:5      | Found a sacrificial altar of Ru.
  3941 | D:5      | Found a broken altar of Ashenzari.
  4051 | D:5      | Noticed Duvessa
  4051 | D:5      | Noticed Dowan
  4273 | D:5      | Killed Dowan
  4448 | D:5      | Killed Duvessa
  4449 | D:5      | Reached XP level 8. HP: 42/71 MP: 7/7
  4693 | D:6      | Found Weddugre's Book Shoppe.
  5197 | D:6      | Found a large runed translucent door.
  5197 | D:6      | Found a large runed translucent door.
  5198 | D:6      | Noticed hero57213's ghost (amateur MiFi)
  5213 | D:6      | Killed hero57213's ghost
  6010 | D:7      | Reached XP level 9. HP: 81/81 MP: 8/8
  6755 | D:8      | Reached skill level 1 in Evocations
  7197 | D:8      | Identified the +1 robe of Altruism {rPois rF+ rC+}
  7927 | D:9      | Noticed a two-headed ogre
  7927 | D:9      | Noticed a troll
  8593 | D:8      | Reached XP level 10. HP: 88/91 MP: 9/9
  8777 | D:9      | Noticed Prince Ribbit
  8813 | D:9      | Killed Prince Ribbit
  9695 | D:9      | Noticed Maurice
  9783 | D:8      | Killed Maurice
  9868 | D:9      | Found a staircase to the Orcish Mines.
  9877 | D:9      | Reached skill level 10 in Fighting
  9877 | D:9      | Reached skill level 10 in Armour
  9890 | D:9      | Reached skill level 10 in Shields
 10122 | D:9      | Killed a two-headed ogre
 10249 | D:9      | Found a staircase to the Lair.
 10250 | D:9      | Noticed a death yak
 10250 | D:9      | Noticed a death yak
 10267 | D:9      | Reached skill level 10 in Maces & Flails
 10305 | D:9      | Noticed a death yak
 10326 | D:8      | Killed a death yak
 10327 | D:8      | Reached XP level 11. HP: 86/101 MP: 10/10
 10396 | D:8      | Killed a death yak
 10637 | D:9      | Killed a death yak
 10950 | D:10     | Entered Level 10 of the Dungeon
 11458 | D:10     | Reached skill level 5 in Evocations
 12049 | D:10     | Reached skill level 1 in Throwing
 12119 | D:10     | Noticed a two-headed ogre
 12123 | D:10     | Killed a two-headed ogre
 12470 | Lair:1   | Entered Level 1 of the Lair of Beasts
 13125 | Lair:1   | Noticed an eight-headed hydra
 13129 | Lair:1   | Slain by a cane toad

Illustrated notes

Levels and vault maps discovered:
D:1:      dpeg_arrival_fog, layout_loops_cross, ebering_ecumenical_altar_mist
D:2:      layout_basic
D:3:      layout_rooms, glass_columns_b, minmay_goblin_kobold_house
D:4:      layout_basic, amcnicky_altar_gilded, serial_forest,
          infiniplex_forest_straight_3, infiniplex_forest_end_1,
          infiniplex_forest_corner_1, infiniplex_forest_clump_tiny,
          infiniplex_forest_corner_1, nicolae_figureground_pulse, uniq_ijyb,
          uniq_crazy_yiuf_cottage
D:5:      layout_cave_pools, mainiacjoe_overflow_catch_the_wave, uniq_duvessa
D:6:      layout_cave_pools, lemuel_temple_firewalk_b,
          ebering_ghost_disaster_area, serial_shops, shop_statue,
          dreamdust_princess_bridge, centaur_isle
D:7:      layout_loops_cross
D:8:      layout_basic
D:9:      layout_layer_cave, dpeg_lair_monsters,
          kennysheep_orc_monster_closet_entryway, minivault_27, minivault_26,
          minmay_variable_closet, uniq_maurice, uniq_prince_ribbit1
D:10:     lemuel_reptile_caves, layout_loops_ring, serial_bayou_lagoon_a
Lair:1:   layout_roguey, lemuel_fruit_tree, grunt_megastairs_5

Skill      XL: |  1  2  3  4  5  6  7  8  9 10 11 |
---------------+----------------------------------+-----
Armour         | 4 5 6 7 9 10 11 | 11.3
Shields        | 4 5 6 7 9 10 11 | 11.3
Fighting       | 4 5 6 7 9 10 11 | 11.3
Maces & Flails | 3 4 5 6 7 8 10 11 | 11.0
Evocations     | 2 4 5 |  5.2
Throwing       | 2 |  2.4

Action                   |  1- 3 |  4- 6 |  7- 9 | 10-12 || total
-------------------------+-------+-------+-------+-------++-------
Melee: Flail             |    73 |   126 |       |       ||   199
       Headbutt          |     9 |    16 |    41 |    60 ||   126
       Mace              |       |    33 |   256 |   332 ||   621
Throw: Dart              |       |     3 |       |       ||     3
       Boomerang         |       |     2 |       |       ||     2
Evoke: Wand              |       |       |       |     4 ||     4
  Use: Potion            |     1 |       |       |       ||     1
       Scroll            |       |     8 |     3 |     5 ||    16
Armor: Chain mail        |    40 |    76 |   165 |   170 ||   451
Dodge: Dodged            |    19 |    39 |   120 |   104 ||   282
Block: Buckler           |    15 |    33 |    75 |    94 ||   217
